 Dungeon Crawl Stone Soup version 0.25-a0-458-g6fc7858b95 (webtiles) character file.

Game seed: 17996408810158649798, levelgen mode: deterministic

3626 ItsAllOgre the Magician (level 10, 77/77 HPs)
             Began as a Gnoll Warper on Oct 2, 2019.
             Was a Priest of Nemelex Xobeh.
             Quit the game on level 8 of the Dungeon on Jan 31, 2020.
             The game lasted 01:10:15 (11653 turns).

ItsAllOgre the Magician (Gnoll Warper)             Turns: 11653, Time: 01:10:16

Health: 77/77      AC:  9    Str: 15    XL:     10   Next: 11%
Magic:  20/20      EV: 14    Int: 17    God:    Nemelex Xobeh [***...]
Gold:   478        SH: 12    Dex: 18    Spells: 13/23 levels left

rFire    . . .     SeeInvis .   U - +2 spear (pain)
rCold    . . .     Gourm    .   K - +2 shield
rNeg     . . .     Faith    .   I - +3 leather armour
rPois    +         Spirit   .   g - +0 helmet
rElec    .         Reflect  .   (no cloak)
rCorr    .         Harm     .   (no gloves)
MR       .....                  O - +0 pair of boots
Stlth    +++.......             (no amulet)
HPRegen  0.22/turn              G - ring of poison resistance
MPRegen  0.17/turn              z - +3 ring of dexterity

@: studying Long Blades
A: distributed training, fangs 1, strong nose
a: Draw Escape, Draw Destruction, Draw Summoning, Triple Draw, Renounce Religion


You were on level 8 of the Dungeon.
You worshipped Nemelex Xobeh.
Nemelex Xobeh was most pleased with you.
You were near starving.

You visited 1 branch of the dungeon, and saw 9 of its levels.
You also visited: Sewer.

You collected 478 gold pieces.

Inventory:

Hand Weapons
 a - a +0 spear
 b - a +0 hunting sling
 y - a +1 hand axe of draining
 J - a +1 war axe of venom
 P - a +0 trident
 U - a +2 spear of pain (weapon)
Missiles
 e - 3 boomerangs of dispersal {!f}
 j - 260 stones {!}
 s - 13 javelins
 D - 12 poisoned darts (quivered)
 E - 68 sling bullets
 X - 26 arrows
Armour
 c - a +0 leather armour
 g - a +0 helmet (worn)
 l - a +0 pair of boots
 o - a +0 ring mail
 p - a +0 shield
 r - a +0 scale mail
 v - a +0 ring mail
 H - a +0 robe of magic resistance
 I - a +3 leather armour (worn)
 K - a +2 shield (worn)
 O - a +0 pair of boots (worn)
Jewellery
 q - an uncursed ring of protection from magic
 x - an uncursed ring of fire
 z - a +3 ring of dexterity (right hand)
 F - an uncursed ring of resist corrosion
 G - a ring of poison resistance (left hand)
Wands
 m - a wand of random effects (18)
 V - a wand of polymorph (8)
 Y - a wand of flame (23)
Scrolls
 d - 4 scrolls of blinking
 h - 4 scrolls of remove curse
 i - 5 scrolls of teleportation
 k - 4 scrolls of immolation
 u - 2 scrolls of enchant armour {unknown}
 A - 2 scrolls of enchant weapon
 C - a scroll of fear {unknown}
 N - a scroll of vulnerability {unknown}
 R - a scroll of identify
 T - a scroll of magic mapping
Potions
 n - 2 potions of cancellation
 t - a potion of resistance {unknown}
 w - 4 potions of heal wounds
 B - a potion of brilliance
 L - 4 potions of curing {unknown}
 M - 2 potions of might
 Q - 3 potions of haste
Books
 S - a manual of Long Blades
Comestibles
 f - 11 rations


   Skills:
 + Level 6.7 Fighting
 + Level 4.9 Short Blades
 + Level 5.7 Long Blades
 + Level 4.9 Axes
 + Level 4.9 Maces & Flails
 + Level 6.7 Polearms
 + Level 4.9 Staves
 + Level 4.9 Slings
 + Level 4.9 Bows
 + Level 4.9 Crossbows
 + Level 5.6 Throwing
 + Level 5.6 Armour
 + Level 6.7 Dodging
 + Level 4.9 Stealth
 + Level 4.9 Shields
 + Level 4.9 Unarmed Combat
 + Level 7.1 Spellcasting
 + Level 4.0 Conjurations
 + Level 4.0 Hexes
 + Level 4.0 Charms
 + Level 4.0 Summonings
 + Level 4.0 Necromancy
 + Level 6.9 Translocations
 + Level 4.0 Transmutations
 + Level 4.0 Fire Magic
 + Level 4.0 Ice Magic
 + Level 4.0 Air Magic
 + Level 4.0 Earth Magic
 + Level 4.0 Poison Magic
 + Level 5.3 Invocations
 + Level 4.9 Evocations


You had 13 spell levels left.
You knew the following spells:

 Your Spells              Type           Power        Failure   Level  Hunger
a - Blink                 Tloc           N/A          4%          2    None
b - Shroud of Golubria    Chrm/Tloc      ###...       9%          2    None
c - Teleport Other        Tloc           ####....     9%          3    ##.....
d - Confusing Touch       Hex            ###.....     30%         3    ##.....

Your spell library contained the following spells:

 Spells                   Type           Power        Failure   Level  Hunger
 Gell's Gravitas          Tloc           ####......   9%          3    ##.....
 Lesser Beckoning         Tloc           ####......   9%          3    ##.....
 Infusion                 Chrm           ###.         10%         1    None
 Song of Slaying          Chrm           ###.....     16%         2    None
 Regeneration             Chrm/Necr      ###.......   30%         3    ##.....
 Spectral Weapon          Hex/Chrm       ###.....     30%         3    ##.....
 Passage of Golubria      Tloc           N/A          30%         4    ####...
 Petrify                  Tmut/Erth      ###.....     69%         4    ####...
 Metabolic Englaciation   Hex/Ice        ###.......   95%         5    #####..
 Yara's Violent Unravell  Hex/Tmut       ###.......   95%         5    #####..


Dungeon Overview and Level Annotations

Branches:
Dungeon (9/15)             Temple (0/1) D:6           Sewer (visited)
   Lair: D:8-11         Orc: D:9-12

Altars:
Ashenzari
Cheibriados
Elyvilon
Gozag
Nemelex Xobeh
Qazlal
Uskayaw
Vehumet

Annotations:
D:6 3 runed translucent doors, exclusion: 2 orc warriors, petercordia3's ghost, novice BaWn
D:7 exclusions: downstairs and hippogriff


Innate Abilities, Weirdness & Mutations

Your experience applies equally to all skills.
You have very sharp teeth.
Your uncanny sense of smell can sniff out nearby items.


Message History

You are near starving!
You hit the hungry ghost. Your bite misses the hungry ghost.
The hungry ghost is severely damaged.
You puncture the hungry ghost!
The hungry ghost is almost destroyed.
You block the hungry ghost's attack.
You hit the hungry ghost. Your bite misses the hungry ghost.
The hungry ghost is almost destroyed.
The hungry ghost hits you.
You feel somewhat more hungry.
You puncture the hungry ghost!
You destroy the hungry ghost!
You feel your dexterity returning.
Welcome back, ItsAllOgre the Gnoll Warper.
Nemelex Xobeh says: It's all in the cards!
Press ? for a list of commands and other information.
Save game and exit?
Welcome back, ItsAllOgre the Gnoll Warper.
Nemelex Xobeh says: It's all in the cards!
Press ? for a list of commands and other information.
Are you sure you want to abandon this character and quit the game? (Confirm with "yes".)

..'.......### #.....#.#
..####.#....# ##...##.#
.......#..#.# ##..##.#######
###.#.##..#.#####...#.......#
#.[)........##......#.########
#)#.#......######.#.#........#
#.#.#......## #<...###.####.#
..).........# #.#..###.# #.#
#.#.#....#..####@.......####.#
............)....#.>.........#
#...))###.#..###.####.......##
#.#.#<###.#..###.# #....####
#.#.).##......##.# #....#.#
....#............## #....#.######
..#...............###............
..#.#.....#.#.........#........##
............#.###.###..........#


There were no monsters in sight!

Vanquished Creatures
  A hungry ghost (D:8)
  2 ice beasts
  A swamp drake (D:5)
  A necrophage (D:8)
  A phantom (D:8)
  3 ogres
  A centaur (D:8)
  A crocodile (D:8)
  5 bullfrogs
  A gnoll sergeant (D:8)
  4 scorpions
  4 killer bees
  5 howler monkeys
  4 crimson imps
  2 orc priests
  A centaur zombie (D:5)
  A quasit (D:8)
  A bullfrog zombie (D:6)
  2 hounds
  6 orc wizards
  An iguana (D:6)
  5 worker ants
  A hound zombie (D:6)
  A howler monkey skeleton (D:5)
  A worker ant zombie (D:5)
  12 adders
  7 gnolls
  A river rat (D:5)
  3 shadow imps
  8 oozes
  2 worms
  2 dart slugs (D:2)
  13 leopard geckos
  48 orcs
  17 ball pythons
  7 bats
  21 giant cockroaches
  13 goblins
  12 hobgoblins
  3 quokkas
  16 frilled lizards
  9 kobolds
  A leopard gecko zombie (D:7)
  9 rats
260 creatures vanquished.

Vanquished Creatures (collateral kills)
  A two-headed ogre (D:8)
  5 killer bees
  A bullfrog skeleton (D:5)
  2 worker ants (D:7)
  An adder (D:7)
  A shadow imp (D:7)
11 creatures vanquished.

Vanquished Creatures (others)
  An orc (D:5)
1 creature vanquished.

Grand Total: 272 creatures vanquished

Notes
Turn   | Place    | Note
-------+----------+-------------------------------------------
     0 | D:1      | ItsAllOgre the Gnoll Warper began the quest for the Orb.
     0 | D:1      | Reached XP level 1. HP: 20/20 MP: 6/6
     6 | D:1      | Noticed a hog
     6 | D:1      | Noticed a rime drake
     6 | D:1      | Noticed a swamp worm
     6 | D:1      | Noticed a black bear
   144 | D:1      | Reached XP level 2. HP: 22/26 MP: 7/7
   510 | D:1      | Reached XP level 3. HP: 27/31 MP: 9/9
   656 | D:1      | Reached skill level 5 in Spellcasting
   660 | D:1      | Learned a level 2 spell: Blink
   663 | D:1      | Learned a level 2 spell: Shroud of Golubria
   667 | D:1      | Learned a level 3 spell: Teleport Other
  1143 | D:2      | Reached skill level 1 in Invocations
  1162 | D:2      | Upgraded the game from 0.24-a0-736-g4e6fe308c7 to
                  | 0.24-a0-769-g368c1644f8
  1312 | D:2      | Reached skill level 1 in Short Blades
  1312 | D:2      | Reached skill level 1 in Long Blades
  1312 | D:2      | Reached skill level 1 in Axes
  1312 | D:2      | Reached skill level 1 in Maces & Flails
  1312 | D:2      | Reached skill level 1 in Staves
  1312 | D:2      | Reached skill level 1 in Slings
  1312 | D:2      | Reached skill level 1 in Bows
  1312 | D:2      | Reached skill level 1 in Crossbows
  1312 | D:2      | Reached skill level 1 in Stealth
  1312 | D:2      | Reached skill level 1 in Shields
  1312 | D:2      | Reached skill level 1 in Unarmed Combat
  1312 | D:2      | Reached skill level 1 in Evocations
  1533 | D:2      | Reached XP level 4. HP: 38/38 MP: 11/11
  2741 | D:3      | Reached skill level 1 in Conjurations
  2741 | D:3      | Reached skill level 1 in Hexes
  2741 | D:3      | Reached skill level 1 in Charms
  2741 | D:3      | Reached skill level 1 in Summonings
  2741 | D:3      | Reached skill level 1 in Necromancy
  2741 | D:3      | Reached skill level 1 in Transmutations
  2741 | D:3      | Reached skill level 1 in Fire Magic
  2741 | D:3      | Reached skill level 1 in Ice Magic
  2741 | D:3      | Reached skill level 1 in Air Magic
  2741 | D:3      | Reached skill level 1 in Earth Magic
  2741 | D:3      | Reached skill level 1 in Poison Magic
  2741 | D:3      | Reached XP level 5. HP: 43/43 MP: 12/12
  2881 | D:3      | Found a sparkling altar of Nemelex Xobeh.
  2888 | D:3      | Became a worshipper of Nemelex Xobeh the Trickster
  2982 | D:3      | Found a faded altar of an unknown god.
  3265 | D:3      | Found a shattered altar of Ashenzari.
  3413 | D:3      | Reached XP level 6. HP: 43/50 MP: 13/13
  3543 | D:2      | Found a snail-covered altar of Cheibriados.
  3849 | D:4      | Noticed a black bear
  4208 | D:4      | Reached skill level 5 in Fighting
  4208 | D:4      | Reached skill level 5 in Polearms
  4208 | D:4      | Reached skill level 5 in Dodging
  4266 | D:4      | Received a gift from Nemelex Xobeh
  4700 | D:4      | Reached * piety under Nemelex Xobeh
  5228 | D:5      | Entered Level 5 of the Dungeon
  5293 | D:5      | Found a stormy altar of Qazlal.
  5304 | D:5      | Noticed a swamp drake
  5304 | D:5      | a worker ant changed into a swamp drake
  5307 | D:5      | Reached XP level 7. HP: 41/56 MP: 15/15
  5332 | D:5      | Found a glowing drain.
  5351 | Sewer    | Entered a sewer
  5793 | Sewer    | Received a gift from Nemelex Xobeh
  6226 | D:5      | Reached XP level 8. HP: 58/63 MP: 16/16
  6826 | D:5      | Reached skill level 6 in Spellcasting
  6962 | D:5      | Found a radiant altar of Vehumet.
  7023 | D:5      | Found an opulent altar of Gozag.
  7357 | D:6      | Reached ** piety under Nemelex Xobeh
  7702 | D:6      | Found a runed translucent gate.
  7703 | D:6      | Found a runed translucent gate.
  7704 | D:6      | Found a runed translucent gate.
  7821 | D:6      | Found a staircase to the Ecumenical Temple.
  7833 | D:6      | Noticed petercordia3's ghost (novice BaWn)
  7920 | D:6      | Received a gift from Nemelex Xobeh
  9061 | D:7      | Reached XP level 9. HP: 67/69 MP: 18/18
  9429 | D:7      | Learned a level 3 spell: Confusing Touch
  9801 | D:8      | Received a gift from Nemelex Xobeh
 10081 | D:8      | Reached skill level 5 in Throwing
 10081 | D:8      | Reached skill level 5 in Armour
 10653 | D:8      | Reached *** piety under Nemelex Xobeh
 10771 | D:8      | Noticed a two-headed ogre
 10817 | D:8      | Found a white marble altar of Elyvilon.
 11019 | D:8      | Received a gift from Nemelex Xobeh
 11055 | D:8      | Found a hide-covered altar of Uskayaw.
 11059 | D:8      | Reached skill level 5 in Long Blades
 11103 | D:8      | Reached skill level 5 in Invocations
 11152 | D:8      | Killed a two-headed ogre
 11152 | D:8      | Reached skill level 7 in Spellcasting
 11152 | D:8      | Reached XP level 10. HP: 64/77 MP: 20/20
 11653 | D:8      | Upgraded the game from 0.24-a0-769-g368c1644f8 to
                  | 0.25-a0-458-g6fc7858b95
 11653 | D:8      | Quit the game

Levels and vault maps discovered:
D:1:      onia_arrival_zoo_common, layout_loops_ring, kennysheep_boxes
D:2:      layout_loops_ring, nicolae_overflow_hidden_temple
D:3:      minmay_roachtagon, layout_rooms, nemelex_xobeh_ov_fountains_minmay,
          old_standard_altar, chequers_ecumenical_altar_island, first_ration
D:4:      corexii_shack_village, layout_loops_ring
D:5:      minmay_evil_eye, layout_loops_ring, kennysheep_mini,
          grunt_gozag_breadcrumbs, overflow_temple_1_default,
          portal_sewer_entry_d, serial_bayou_pond_e,
          minmay_fractal_squares_gapless_5
D:6:      layout_loops_corners, marbit_many_paths,
          minmay_temple_entry_from_below_a, gammafunk_ghost_necromancy
D:7:      minmay_recursive_quarters, layout_basic, minmay_manual_monstrance
D:8:      layout_basic, eat_drink_and_be_merry_uskayaw, kennysheep_little_box
D:9:      layout_roguey, overflow_temple_1_default, minitemple

Skill      XL: |  1  2  3  4  5  6  7  8  9 10 |
---------------+-------------------------------+-----
Spellcasting   | 5 6 7 |  7.1
Invocations    | 1 2 3 4 5 |  5.3
Short Blades   | 1 2 3 4 |  4.9
Long Blades    | 1 2 3 5 |  5.7
Axes           | 1 2 3 4 |  4.9
Maces & Flails | 1 2 3 4 |  4.9
Staves         | 1 2 3 4 |  4.9
Slings         | 1 2 3 4 |  4.9
Bows           | 1 2 3 4 |  4.9
Crossbows      | 1 2 3 4 |  4.9
Stealth        | 1 2 3 4 |  4.9
Shields        | 1 2 3 4 |  4.9
Unarmed Combat | 1 2 3 4 |  4.9
Evocations     | 1 2 3 4 |  4.9
Conjurations   | 1 2 3 4 |  4.0
Hexes          | 1 2 3 4 |  4.0
Charms         | 1 2 3 4 |  4.0
Summonings     | 1 2 3 4 |  4.0
Necromancy     | 1 2 3 4 |  4.0
Transmutations | 1 2 3 4 |  4.0
Fire Magic     | 1 2 3 4 |  4.0
Ice Magic      | 1 2 3 4 |  4.0
Air Magic      | 1 2 3 4 |  4.0
Earth Magic    | 1 2 3 4 |  4.0
Poison Magic   | 1 2 3 4 |  4.0
Throwing       | 3 4 5 |  5.6
Armour         | 3 4 5 |  5.6
Fighting       | 5 6 |  6.7
Polearms       | 5 6 |  6.7
Dodging        | 5 6 |  6.7
Translocations | 6 |  6.9

Action                   |  1- 3 |  4- 6 |  7- 9 | 10-12 || total
-------------------------+-------+-------+-------+-------++-------
Melee: Spear             |   152 |   437 |  1017 |    57 ||  1663
       Bite              |    12 |    57 |   122 |     2 ||   193
 Fire: Hunting sling     |       |     1 |       |       ||     1
Throw: Stone             |    11 |       |       |       ||    11
       Boomerang         |     2 |       |       |       ||     2
       Javelin           |       |    10 |       |       ||    10
       Dart              |       |     5 |    24 |       ||    29
 Cast: Blink             |       |     3 |     3 |       ||     6
       Teleport Other    |       |       |     1 |       ||     1
       Shroud of Golubri |       |       |     1 |       ||     1
 Abil: Draw Destruction  |       |     2 |    11 |       ||    13
       Draw Summoning    |       |     1 |     4 |       ||     5
  Use: Scroll            |       |     6 |     8 |       ||    14
 Stab: Sleeping          |     1 |     3 |     5 |     1 ||    10
       Distracted        |     1 |     1 |     2 |     1 ||     5
       Petrified         |       |       |     3 |       ||     3
  Eat: Chunk             |     2 |    12 |    18 |     2 ||    34
       Ration            |       |       |     1 |       ||     1
Armor: Leather armour    |    13 |    15 |   174 |    18 ||   220
       Ring mail         |     7 |   112 |       |       ||   119
Dodge: Dodged            |    45 |   146 |   401 |    35 ||   627
Block: Shield            |    13 |   147 |   488 |    30 ||   678

Table legend:
 A = Non-vault XP
 B = Vault XP
 C = Vault XP percentage of total XP
 D = Non-vault monster count
 E = Vault monster count
 F = Vault count percentage of total count
                 A         B        C        D         E       F
            +---------+---------+-------+---------+---------+-------
      Total |    4574 |     606 |  11.7 |     188 |      83 |  30.6
            +---------+---------+-------+---------+---------+-------
        D:1 |      46 |       0 |   0.0 |      30 |       0 |   0.0
        D:2 |      83 |       0 |   0.0 |      28 |       0 |   0.0
        D:3 |     257 |      18 |   6.5 |      26 |       9 |  25.7
        D:4 |     137 |      40 |  22.6 |      11 |      18 |  62.1
        D:5 |     716 |     235 |  24.7 |      23 |       8 |  25.8
        D:6 |     416 |       0 |   0.0 |      18 |       0 |   0.0
        D:7 |     594 |      67 |  10.1 |      12 |       4 |  25.0
        D:8 |    2325 |       0 |   0.0 |      40 |       0 |   0.0
      Sewer |       0 |     246 | 100.0 |       0 |      44 | 100.0
            +---------+---------+-------+---------+---------+-------
